AoeStats
← Buzz Lightyear

African Clearing

506553977Analyzed
4v4 RM · 19d ago on Sep 14, 2026· 20m 2s· 8 players
Game mode
Random Map
Map size
Large (8 player)
Population
200
Speed
Normal
Resources
Standard
Victory
Conquest
Starting age
Dark Age
Ending age
Imperial Age
RankedLock teamsTeams togetherTeam positionsShared explorationLock speedFull tech treeHidden civsTurbo modeCheats
Victory
Defeat
🇻🇪 Mongols · Venezuela
1142
+16
🇰🇿 Ethiopians · Kazakhstan
1123
+17
🇵🇪 Vietnamese · Peru
1122
+17
🇦🇷 Tatars · Argentina
1116
+17
🇦🇷 Byzantines · Argentina
1194
-18
🇨🇱 Chinese · Chile
1189
-18
🇫🇷 Goths · France
1125
-16
🇺🇸 Persians · United States
1087
-15
Buzz Lightyear
6:32 Loom
17:08 Feudal Age
Lord_Ermack
8:59 Loom
14:13 Feudal Age
18:59 Castle Age
17:20 Double-Bit Axe
17:19 Horse Collar
17:32 Stone Mining
ElChupetometro
5:20 Loom
13:19 Feudal Age
13:52 Feudal Age
14:32 Double-Bit Axe
18:59 Castle Age
17:45 Gold Mining
18:23 Fletching
18:33 Padded Archer Armor
8ibir
3:21 Loom
12:43 Feudal Age
13:44 Double-Bit Axe
14:20 Town Watch
17:37 Wheelbarrow
Baruchiev
7:27 Loom
12:25 Feudal Age
13:07 Double-Bit Axe
13:53 Town Watch
18:29 Castle Age
Indemonkable
4:54 Loom
16:08 Feudal Age
16:27 Horse Collar
16:35 Double-Bit Axe
16:43 Gold Mining
niquito0912
10:47 Loom
13:15 Feudal Age
17:48 Castle Age
16:33 Double-Bit Axe
16:42 Horse Collar
Eskarlata
8:55 Loom
12:05 Feudal Age
14:53 Scale Mail Armor
14:53 Padded Archer Armor
19:02 Castle Age
16:58 Double-Bit Axe
17:12 Horse Collar
Connection lost

Rejoining the realm…

Still unreachable

The connection could not be restored.

Session expired

The server has moved on; the page needs a fresh start.